 Dungeon Crawl Stone Soup version 0.29.1-12-g30fa7ad0bf (webtiles) character file.

Game seed: 11592667690506336071

334367 FexLirch the Stormcaller (level 21, -16/129 HPs)
             Began as a Tengu Air Elementalist on Jan 12, 2023.
             Was the Champion of Sif Muna.
             Killed from afar by a war gargoyle (56 damage)
             ... with a spray of metal splinters
             ... led by a peacekeeper
             ... on level 4 of the Vaults on Jan 13, 2023.
             The game lasted 03:29:04 (56451 turns).

FexLirch the Stormcaller (Tengu Air Elementalist)  Turns: 56451, Time: 03:29:04

Health: -16/129    AC: 10    Str: 15    XL:     21   Next: 84%
Magic:  19/39      EV: 18    Int: 35    God:    Sif Muna [******]
Gold:   1053       SH: 30    Dex: 17    Spells: 5/47 levels left

rFire   + + .      SeeInvis +   P - +3 scimitar "Suwneul" {flame, Contam rPois Str+4 SInv}
rCold   + . .      Faith    .   d - +18 shield of the Gong {rElec rN+ Will+ EV-5}
rNeg    + . .      Spirit   .   M - +4 robe of Folly {Brilliance Will-∞ Int+8}
rPois   +          Reflect  .   E - +2 hat
rElec   +          Harm     .   x - scarf {rC+ rF+}
rCorr   .          Rampage  .   f - +1 pair of gloves {Str+3}
Will    .....                   (boots unavailable)
Stlth   ++........              V - amulet of the Air {Inacc Air Fly rElec RMsl}
HPRegen 0.31/turn               v - ring of fire
MPRegen 0.26/turn               j - ring "Kofy" {rElec rC+ Int+2}

@: about to teleport, marked, flying quickly and evasively, very slightly
contaminated, studying Ranged Weapons, repel missiles, quick
A: beak, talons 3, nimble flight
}: 2/15 runes: barnacled, gossamer
a: Renounce Religion, Channel Magic, Forget Spell, Divine Exegesis


You were on level 4 of the Vaults.
You worshipped Sif Muna.
Sif Muna was exalted by your worship.
You visited 7 branches of the dungeon, and saw 35 of its levels.
You visited 1 bazaar.
You also visited: Ossuary, Gauntlet and Ice Cave.

You collected 4972 gold pieces.
You spent 3919 gold pieces at shops.

Inventory:

Hand Weapons
 P - the +3 scimitar "Suwneul" (weapon) {flame, Contam rPois Str+4 SInv}
   (You found it on level 7 of the Dungeon)

   It burns those it strikes, dealing additional fire damage.
   Big, fiery blades are also staple armaments of hydra-hunters.
   Str:       It affects your strength (+4).
   rPois:     It protects you from poison.
   SInv:      It lets you see invisible.
   Contam:    It causes magical contamination when unequipped.
Armour
 d - the +18 shield of the Gong (worn) {rElec rN+ Will+ EV-5}
   (You bought it in a shop in a bazaar)

   It is deafeningly noisy when blocking attacks.
   EV:        It affects your evasion (-5).
   rElec:     It insulates you from electricity.
   rN:        It protects you from negative energy.
   Will:      It increases your willpower.
 f - a +1 pair of gloves of strength (worn)
 o - the +5 robe of Misfortune {Harm *Corrode *Slow EV+5}
   (You bought it in a shop on level 8 of the Dungeon)

   EV:        It affects your evasion (+5).
   *Corrode:  It may corrode you when you take damage.
   *Slow:     It may slow you when you take damage.
   Harm:      It increases damage dealt and taken.
 x - a scarf of resistance (worn)
 y - a +4 kite shield of cold resistance
 z - the +0 cloak "Fuxawn" {rN+ Regen+ rCorr Dex-3}
   (You found it in a Gauntlet)

   Dex:       It affects your dexterity (-3).
   rN:        It protects you from negative energy.
   Regen:     It increases your rate of health regeneration.
   rCorr:     It protects you from acid and corrosion.
 E - a +2 hat (worn)
 M - the +4 robe of Folly (worn) {Brilliance Will-∞ Int+8}
   (You found it on level 3 of the Lair of Beasts)

   It increases the power of your magical spells.
   It halves the magic cost of your spells (rounding up).
   It reduces your willpower to zero.
   Int:       It affects your intelligence (+8).
Magical Staves
 F - a staff of air
Jewellery
 a - a ring of willpower
 j - the ring "Kofy" (right hand) {rElec rC+ Int+2}
   (You found it in an ice cave)

   [ring of protection from cold]

   Int:       It affects your intelligence (+2).
   rC:        It protects you from cold.
   rElec:     It insulates you from electricity.
 v - a ring of fire (left hand)
 G - a +4 ring of evasion
 H - a ring of wizardry
 Q - the ring "Izypsu" {Ice rN+ Will+}
   (You found it in a Gauntlet)

   [ring of ice]

   It enhances your ice magic.
   rF:        It makes you vulnerable to fire.
   rC:        It protects you from cold.
   rN:        It protects you from negative energy.
   Will:      It increases your willpower.
 T - a ring of willpower
 V - the amulet of the Air (around neck) {Inacc Air Fly rElec RMsl}
   (You found it on level 2 of the Lair of Beasts)

   [amulet of nothing]

   It reduces the accuracy of all your attacks.
   It enhances your air magic.
   rElec:     It insulates you from electricity.
   Fly:       It grants you flight.
   RMsl:      It protects you from missiles.
 W - a ring of protection from fire
 X - a ring of wizardry
Wands
 B - a wand of mindburst (17)
 K - a wand of flame (49)
 N - a wand of polymorph (2)
 O - a wand of roots (27)
 S - a wand of quicksilver (46)
 Z - a wand of paralysis (17)
Scrolls
 e - 9 scrolls of vulnerability
 i - 7 scrolls of fear
 m - 7 scrolls of magic mapping
 n - 4 scrolls of immolation
 p - 14 scrolls of teleportation
 r - 2 scrolls of butterflies
 s - 3 scrolls of amnesia
 w - 6 scrolls of blinking
 D - 4 scrolls of summoning
 L - 7 scrolls of poison
 U - 2 scrolls of silence
 Y - 2 scrolls of noise
Potions
 b - 6 potions of magic
 c - 9 potions of brilliance
 g - 9 potions of lignification
 h - 7 potions of haste
 k - 11 potions of curing
 l - 3 potions of invisibility
 q - 9 potions of cancellation
 t - 7 potions of mutation
 u - 7 potions of resistance
 A - 13 potions of heal wounds
 C - 6 potions of attraction
 I - 2 potions of berserk rage
 J - 9 potions of might
Miscellaneous
 R - a phantom mirror


   Skills:
 + Level 13.2 Fighting
 + Level 14.4 Dodging
 - Level 2.0 Stealth
 + Level 10.7 Shields
 + Level 13.7 Spellcasting
 * Level 19.4 Conjurations
 - Level 2.4 Translocations
 - Level 7.2 Transmutations
 + Level 10.2 Fire Magic
 + Level 9.3 Ice Magic
 * Level 19.8 Air Magic
 - Level 3.0 Poison Magic
 + Level 10.8 Invocations


You had 5 spell levels left.
You knew the following spells:

 Your Spells              Type           Power      Damage    Failure   Level
a - Shock                 Conj/Air       100%       1d9       0%          1
b - Static Discharge      Conj/Air       100%       3-16/arc  0%          2
c - Swiftness             Air            100%       N/A       0%          3
d - Airstrike             Air            76%        2d(11-27) 0%          4
e - Mephitic Cloud        Conj/Pois/Air  100%       N/A       1%          3
f - Maxwell's Capacitive  Air            76%        ∞         7%          8
g - Irradiate             Conj/Tmut      54%        3d29      1%          5
h - Fireball              Conj/Fire      68%        3d26      1%          5
i - Ozocubu's Armour      Ice            94%        N/A       1%          3
j - Conjure Ball Lightni  Conj/Air       76%        3x3d28    1%          6
k - Blink                 Tloc           100%       N/A       1%          2

Your spell library contained the following spells:

 Spells                   Type           Power      Damage    Failure   Level
 Foxfire                  Conj/Fire      100%       2x1d9     0%          1
 Magic Dart               Conj           100%       1d8       0%          1
 Searing Ray              Conj           100%       2d8       0%          2
 Apportation              Tloc           100%       N/A       1%          1
 Freeze                   Ice            100%       1d11      1%          1
 Sting                    Tmut/Pois      100%       1d8       1%          1
 Ensorcelled Hibernation  Hex/Ice        100%       N/A       1%          2
 Passwall                 Tmut/Erth      54%        N/A       1%          2
 Poisonous Vapours        Pois/Air       100%       N/A       1%          2
 Scorch                   Fire           100%       2d10      1%          2
 Wereblood                Tmut           84%        N/A       1%          2
 Conjure Flame            Conj/Fire      100%       6-21      1%          3
 Dazzling Flash           Conj/Hex       100%       N/A       1%          3
 Ignite Poison            Fire/Tmut/Pois 100%       N/A       1%          3
 Inner Flame              Hex/Fire       94%        N/A       1%          3
 Spider Form              Tmut/Pois      74%        N/A       1%          3
 Stone Arrow              Conj/Erth      100%       3d13      1%          3
 Corpse Rot               Necr/Pois/Air  100%       N/A       1%          4
 Flame Wave               Conj/Fire      100%       2d21      1%          4
 Fulminant Prism          Conj/Hex       47%        3d21      1%          4
 Hailstorm                Conj/Ice       100%       3d20      1%          4
 Ice Form                 Ice/Tmut       89%        N/A       1%          4
 Iskenderun's Mystic Bla  Conj/Tloc      100%       2d19      1%          4
 Sticky Flame             Conj/Fire      100%       2d11      1%          4
 Summon Lightning Spire   Summ/Air       100%       N/A       1%          4
 Freezing Cloud           Conj/Ice/Air   71%        6-21      1%          5
 Iskenderun's Battlesphe  Conj           100%       2d15      1%          5
 Lightning Bolt           Conj/Air       76%        1d102     1%          5
 Silence                  Hex/Air        59%        N/A       1%          5
 Necrotise                Necr           100%       1d9       3%          1
 Slow                     Hex            100%       N/A       3%          1
 Summon Small Mammal      Summ           100%       N/A       3%          1
 Lesser Beckoning         Tloc           57%        N/A       4%          3
 Teleport Other           Tloc           57%        N/A       4%          3
 Blade Hands              Tmut           42%        N/A       5%          5
 Portal Projectile        Hex/Tloc       96%        N/A       7%          3
 Petrify                  Tmut/Erth      65%        N/A       9%          4
 Call Canine Familiar     Summ           36%        N/A       11%         3
 Summon Guardian Golem    Hex/Summ       36%        N/A       11%         3
 Tukima's Dance           Hex            36%        N/A       11%         3
 Vampiric Draining        Necr           36%        2d8       11%         3
 Olgreb's Toxic Radiance  Pois           61%        N/A       11%         4
 Alistair's Intoxication  Tmut/Pois      49%        N/A       12%         5
 Passage of Golubria      Tloc           57%        N/A       13%         4
 Metabolic Englaciation   Hex/Ice        35%        N/A       14%         5
 Yara's Violent Unravell  Hex/Tmut       32%        3d13      22%         5
 Anguish                  Hex/Necr       18%        N/A       34%         4
 Cause Fear               Hex            18%        N/A       34%         4
 Dispel Undead            Necr           36%        3d15      34%         4
 Manifold Assault         Tloc           57%        N/A       36%         5
 Summon Forest            Summ/Tloc      24%        N/A       52%         5
 Agony                    Necr           36%        N/A       69%         5
 Starburst                Conj/Fire      68%        6d18      1%          6
 Orb of Destruction       Conj           63%        9d15      1%          7
 Iron Shot                Conj/Erth      47%        9d9       11%         6
 Storm Form               Tmut/Air       66%        N/A       12%         7
 Spellforged Servitor     Conj/Summ      47%        N/A       50%         7
 Ozocubu's Refrigeration  Ice            47%        4d17      54%         7
 Eringya's Noxious Bog    Tmut/Pois      37%        N/A       56%         6
 Simulacrum               Ice/Necr       35%        N/A       63%         6
 Chain Lightning          Conj/Air       76%        3d101     75%         9
 Statue Form              Tmut/Erth      43%        N/A       77%         6
 Dragon Form              Tmut           42%        N/A       85%         7
 Ignition                 Fire           60%        3d16      98%         8
 Death Channel            Necr           18%        N/A       99%         6
 Lehudib's Crystal Spear  Conj/Erth      47%        10d11     99%         8
 Enfeeble                 Hex            18%        N/A       100%        7
 Haunt                    Necr/Summ      18%        N/A       100%        7
 Summon Hydra             Summ           18%        N/A       100%        7
 Borgnjor's Revivificati  Necr           18%        N/A       100%        8
 Necromutation            Tmut/Necr      32%        N/A       100%        8
 Dragon's Call            Summ           18%        N/A       100%        9
 Fire Storm               Conj/Fire      68%        8d17      100%        9
 Polar Vortex             Ice            47%        N/A       100%        9


Dungeon Overview and Level Annotations

Branches:
Dungeon (15/15)            Temple (1/1) D:5            Lair (5/5) D:11
 Shoals (4/4) Lair:2       Spider (4/4) Lair:2        Slime (0/5) Lair:4
    Orc (2/2) D:10            Elf (0/3) Orc:2        Vaults (4/5) D:13
  Crypt (0/3) Vaults:3     Depths (0/4) D:15        Ossuary (visited)
  IceCv (visited)         Gauntlet (visited)

Altars:
Elyvilon
Hepliaklqana
Kikubaaqudgha
Sif Muna
Trog
Vehumet
Wu Jian
Xom
Yredelemnul
Zin
Jiyva

Shops:
D:8 *   D:14 *   D:15 !   Orc:1 (   Orc:2 ::!(?   Shoals:2 *[

Annotations:
D:4 Pargi
D:11 2 transporters, Unforgiven's ghost, journeyman TeFi
Vaults:4 1 runed translucent door, theMacoje's ghost, adept OgEn


Innate Abilities, Weirdness & Mutations

You have a beak for a mouth.
You have claws for feet.
Your magical nature lets you fly swiftly and evasively.


Message History

Unknown command.
Unknown command.
Press: ? - help, v - describe, . - travel
Here: a war gargoyle, wielding a +0 morningstar (catching its breath)
The floor.
Unknown command.
Unknown command.
You're too confused to cast spells.
Unknown command.
You're too confused to cast spells.
You barely miss the sphinx. You claw the sphinx!
The sphinx is almost dead.
The sphinx hits you! The sphinx hits you. The sphinx misses you.
A vault sentinel comes into view.
It is wielding a +0 falchion and wearing a +0 ring mail of willpower.
A war gargoyle comes into view. It is wielding a +2 lajatang of pain.
The sphinx misses you.
The sphinx hits you but does no damage. x2
The war gargoyle hits you with a +0 morningstar!!
* * * LOW HITPOINT WARNING * * *
Unknown command.
Unknown command.
You feel better.
The vault sentinel blows a loud note on a signal horn!
You block the war gargoyle's attack.
PANG!
The sphinx closely misses you. You block the sphinx's attack.
BONNNG!
The sphinx hits you.
Okay, then.
Unknown command.
Okay, then.
Casting: Static Discharge (safe; 0% risk of failure)
Confirm with . or Enter, or press ? or * to list all spells.
You feel a surge of power!
You blink.
As you read the scroll of teleportation, it crumbles to dust.
You feel strangely unstable.
The war gargoyle launches metal splinters at you.
The spray of metal splinters misses you.
The war gargoyle launches metal splinters at you.
The spray of metal splinters hits you!!!
You die...

/)~~~~....# #)# #.. ))~≈~≈~~..#
#####'#### #..
))~≈~~≈~..##########........# #..
..≈~⌠~~~..#........#.......####..
.)~≈)~~~..'........#..>...###.'..
)~~≈≈~~~..#........#9....###..#..
..~~~~....#........)....#'#...###
#.).)...#.#.......9#...###p...#
###########.....@..#..###.....#
####################.###......###
#..........# ####.......##.
#..........# #........##.
#..........# ####'#'####.
#..........# #......#.
#..........# #......#.
#..........##############......#.
#..........#............#......'.


You could see 2 war gargoyles.

Vanquished Creatures
  Rupert (Lair:4)
  Mlioglotl (Spider:1)
  Gastronok (Lair:1)
  A kraken (Shoals:1)
  Polyphemus (Shoals:2)
  A storm dragon (Shoals:4)
  Kirke (D:15)
  Roxanne (Spider:4)
  Donald (Spider:4)
  A fenstrider witch (shapeshifter) (D:15)
  8 vault wardens
  2 orc warlords
  5 ghost moths
  3 emperor scorpions
  5 broodmothers
  10 ironbound preservers
  8 very ugly things
  5 ironbound thunderhulks
  Nessos (D:13)
  2 vampire knights (Vaults:3)
  3 dire elephants
  A minotaur (Gauntlet)
  5 spark wasps
  8 entropy weavers
  6 yaktaur captains
  Josephine (D:13)
  3 merfolk javelineers (Shoals:4)
  8 boulder beetles
  10 merfolk impalers
  15 vault guards
  A rakshasa (D:15)
  8 great orbs of eyes
  A peacekeeper (Vaults:1)
  2 ogre magi (Orc:2)
  6 hydras
  An ironbound frostheart (Vaults:3)
  11 two-headed ogres
  2 catoblepae
  5 merfolk avatars
  2 death knights
  A radroach (Spider:4)
  10 centaur warriors
  8 merfolk aquamancers
  A satyr (Shoals:4)
  2 jorogumos
  A tengu warrior (Shoals:1)
  7 death yaks
  The ghost of hawla the Arsonist, a novice MeFE (D:8)
  An orc high priest (Orc:1)
  3 pharaoh ants
  4 skeletal warriors
  7 sea snakes
  25 deep trolls
  A glowing orange brain (Vaults:4)
  3 large abominations (Gauntlet)
  9 orb spiders
  9 steelbarb worms
  7 lindwurms
  30 harpies
  13 ironbound convokers
  3 deep elf pyromancers
  A phantasmal warrior (D:13)
  6 wizards
  12 orc knights
  2 orc sorcerers (Orc:1)
  A necromancer (IceCv)
  10 fauns
  24 wolf spiders
  21 ugly things
  8 cyclopes
  17 manticores
  3 moths of wrath
  4 black mambas
  10 merfolk sirens
  14 vault sentinels
  8 water nymphs
  18 elephants
  9 torpor snails
  A gargoyle (D:11)
  13 cane toads
  5 unseen horrors
  An ice statue (IceCv)
  2 efreet
  6 rime drakes
  An unseen horror zombie (D:9)
  12 ice devils (IceCv)
  16 yaktaurs
  5 demonic crawlers
  16 komodo dragons
  2 anaconda simulacra (IceCv)
  A tengu conjurer (Shoals:1)
  10 freezing wraiths
  34 merfolk
  Prince Ribbit (D:8)
  12 trolls
  38 slime creatures
  4 polar bears
  A wolf spider simulacrum (D:13)
  14 meliai
  25 tarantellas
  3 hornets
  11 snapping turtles
  10 wind drakes
  38 blink frogs
  12 dream sheep
  35 jumping spiders
  28 culicivoras
  3 centaur simulacra (Gauntlet)
  6 air elementals (Shoals:4)
  2 vampires
  9 wyverns
  28 yaks
  3 hogs (D:15)
  29 water elementals
  7 wraiths
  Grum (D:8)
  6 steam dragons
  A redback (shapeshifter) (Vaults:1)
  11 vampire mosquitoes
  4 death yak simulacra (IceCv)
  74 redbacks
  2 basilisks
  5 wargs
  An acid dragon (D:10)
  2 hydra simulacra (IceCv)
  Duvessa (D:5)
  13 water moccasins
  32 orc warriors
  4 sky beasts
  28 ogres
  19 wolves
  5 boggarts (D:14)
  19 centaurs
  A phantom (D:5)
  4 small abominations (Gauntlet)
  3 kobold brigands
  A necrophage (D:6)
  13 bullfrogs
  4 gnoll sergeants (D:8)
  2 scorpions
  3 cane toad simulacra (IceCv)
  2 two-headed ogre simulacra (IceCv)
  Dowan (D:5)
  14 wights
  9 elephant simulacra (IceCv)
  20 killer bees
  4 howler monkeys
  4 electric eels
  3 centaur zombies (Ossuary)
  A wyvern simulacrum (Gauntlet)
  2 gnoll boudas
  7 hounds
  27 orc priests
  3 jellies
  6 iguanas
  2 polar bear simulacra (IceCv)
  18 orc wizards
  A spriggan simulacrum (IceCv)
  2 wolf simulacra (IceCv)
  6 mummies (Ossuary)
  4 howler monkey zombies (D:9)
  16 gnolls
  7 adders
  A naga simulacrum (IceCv)
  A shadow imp (D:6)
  3 white imps
  An ufetubus (D:5)
  3 worms
  3 dart slugs
  74 orcs
  8 endoplasms
  7 giant cockroaches
  9 goblins
  9 hobgoblins
  9 jackals
  5 quokkas
  4 ball pythons
  5 bats
  A frilled lizard (D:3)
  3 hobgoblin zombies (Ossuary)
  13 kobolds
  4 rats
  4 tentacles (Shoals:1)
1501 creatures vanquished.

Vanquished Creatures (collateral kills)
  9 ball lightnings
9 creatures vanquished.

Vanquished Creatures (others)
  A wolf spider (Spider:3)
  A merfolk (Shoals:4)
  138 ball lightnings
  85 fungi
  192 plants
  2 withered plants (Vaults:4)
419 creatures vanquished.

Grand Total: 1929 creatures vanquished

Notes
Turn   | Place    | Note
-------+----------+-------------------------------------------
     0 | D:1      | FexLirch the Tengu Air Elementalist began the quest for the
                  | Orb.
     0 | D:1      | Reached XP level 1. HP: 10/10 MP: 4/4
   171 | D:1      | Reached XP level 2. HP: 7/15 MP: 0/6
   174 | D:1      | Learned a level 2 spell: Static Discharge
   452 | D:1      | Found a faded altar of an unknown god.
   575 | D:1      | Reached XP level 3. HP: 7/19 MP: 1/7
  1489 | D:1      | Learned a level 3 spell: Swiftness
  1830 | D:2      | Reached XP level 4. HP: 24/24 MP: 3/9
  1945 | D:2      | Reached skill level 5 in Air Magic
  2894 | D:3      | Found a white marble altar of Elyvilon.
  3031 | D:3      | Found a shimmering blue altar of Sif Muna.
  3092 | D:3      | Became a worshipper of Sif Muna the Loreminder
  3588 | D:3      | Found a glowing silver altar of Zin.
  3702 | D:4      | Gained mutation: Your magical nature lets you fly swiftly
                  | and evasively. [Tengu growth]
  3702 | D:4      | Reached XP level 5. HP: 27/28 MP: 6/10
  3794 | D:4      | Found a shimmering altar of Xom.
  4585 | D:4      | Reached XP level 6. HP: 15/32 MP: 8/12
  4830 | D:4      | Noticed Pargi
  4855 | D:5      | Entered Level 5 of the Dungeon
  4895 | D:5      | Found a staircase to the Ecumenical Temple.
  4900 | D:5      | Reached skill level 5 in Conjurations
  5021 | Temple   | Entered the Ecumenical Temple
  5027 | D:5      | Reached * piety under Sif Muna
  5038 | D:5      | Reached XP level 7. HP: 36/36 MP: 6/14
  5108 | D:5      | Noticed Duvessa
  5119 | D:5      | Noticed Dowan
  5125 | D:5      | Killed Duvessa
  5232 | D:6      | Found a sand-covered staircase.
  5251 | Ossuary  | Entered an ossuary
  5812 | D:6      | Learned a level 4 spell: Airstrike
  5984 | D:6      | Reached XP level 8. HP: 9/41 MP: 11/16
  6240 | D:6      | You are sucked into a shaft and drop 2 floors!
  6284 | D:8      | Reached skill level 5 in Spellcasting
  6561 | D:8      | Noticed Prince Ribbit
  6569 | D:8      | Killed Prince Ribbit
  6687 | D:8      | Found Levuig's General Store.
  6698 | D:8      | Bought a scroll of identify for 26 gold pieces
  7076 | D:6      | Reached ** piety under Sif Muna
  7394 | D:6      | Reached XP level 9. HP: 45/45 MP: 14/19
  8012 | D:6      | Reached skill level 10 in Air Magic
  8195 | D:5      | Found a radiant altar of Vehumet.
  8338 | D:5      | Killed Dowan
  9143 | D:4      | Reached skill level 1 in Fighting
  9574 | D:7      | Learned a level 3 spell: Mephitic Cloud
  9734 | D:7      | Found a hazy altar of Hepliaklqana.
  9777 | D:7      | Reached *** piety under Sif Muna
  9919 | D:7      | Found a basalt altar of Yredelemnul.
  9983 | D:7      | Reached skill level 1 in Poison Magic
 10233 | D:7      | Reached XP level 10. HP: 54/54 MP: 15/21
 10349 | D:7      | Identified the +3 scimitar "Suwneul" {flame, Contam rPois
                  | Str+4 SInv}
 10435 | D:7      | Reached skill level 10 in Conjurations
 10865 | D:8      | Noticed Grum
 10871 | D:8      | Identified the +3 ring mail of Fun {rN++ Int-4 SInv Stlth+}
 10905 | D:8      | Found a transporter.
 10946 | D:8      | Found a transporter.
 10947 | D:8      | Noticed hawla's ghost (novice MeFE)
 10979 | D:8      | Learned a level 3 spell: Ignite Poison
 10985 | D:8      | Killed Grum
 11086 | D:9      | Got the Compendium of Toxicity and Transmigration
 11112 | D:8      | Learned a level 5 spell: Irradiate
 11500 | D:9      | Reached skill level 1 in Transmutations
 11698 | D:9      | Found an ancient bone altar of Kikubaaqudgha.
 11701 | D:9      | Reached **** piety under Sif Muna
 11721 | D:9      | Found an ornate altar of the Wu Jian Council.
 12173 | D:8      | Reached skill level 5 in Dodging
 12404 | D:8      | Killed hawla's ghost
 12554 | D:8      | Identified the amulet of Xom's Best Wishes {rElec rC-
                  | Regen+ Str+4 Int+4}
 12823 | D:10     | Entered Level 10 of the Dungeon
 12823 | D:10     | Noticed a two-headed ogre
 12880 | D:10     | Reached XP level 11. HP: 60/62 MP: 18/23
 13079 | D:10     | Killed a two-headed ogre
 13080 | D:10     | Reached skill level 1 in Shields
 13547 | D:10     | Found a staircase to the Orcish Mines.
 13551 | D:10     | Got the Directory of Icy Evolution
 13789 | D:10     | Reached skill level 5 in Fighting
 14260 | D:11     | Found a transporter.
 14480 | D:11     | Found a transporter.
 14484 | D:11     | Noticed a moth of wrath
 14495 | D:11     | Found a bloodstained altar of Trog.
 14506 | D:11     | Noticed Unforgiven's ghost (journeyman TeFi)
 14507 | D:11     | Noticed a tengu warrior
 14548 | D:11     | Noticed a two-headed ogre
 14553 | D:11     | Killed a two-headed ogre
 14553 | D:11     | Reached ***** piety under Sif Muna
 14639 | D:11     | Found a staircase to the Lair.
 14884 | D:11     | Reached XP level 12. HP: 69/69 MP: 16/25
 15300 | D:12     | Received a gift from Sif Muna
 15301 | D:12     | Got Sif Muna's Exposition on the Numb Pyromaniac {god gift}
 15385 | D:12     | Reached skill level 1 in Invocations
 16749 | D:12     | Noticed a boulder beetle
 17412 | D:13     | Noticed Nessos
 17532 | D:13     | Noticed a centaur warrior
 17533 | D:13     | Noticed Josephine
 17633 | Lair:1   | Entered Level 1 of the Lair of Beasts
 17683 | Lair:1   | Noticed Gastronok
 17686 | Lair:1   | Noticed a boulder beetle
 17851 | Lair:1   | Killed a boulder beetle
 18323 | Lair:1   | Killed Gastronok
 18324 | Lair:1   | Reached XP level 13. HP: 58/76 MP: 3/27
 18532 | Lair:1   | Reached skill level 5 in Transmutations
 19956 | Lair:2   | Found the amulet of the Air {Inacc Air Fly rElec RMsl}
 20381 | Lair:2   | Found a staircase to the Shoals.
 20457 | Lair:2   | Found a frozen archway.
 20466 | IceCv    | Entered an ice cave
 20735 | IceCv    | Received a gift from Sif Muna
 20736 | IceCv    | Got Sif Muna's Vellum of Hiemal Confrontation {god gift}
 20743 | IceCv    | Learned a level 5 spell: Iskenderun's Battlesphere
 21000 | IceCv    | Reached skill level 10 in Spellcasting
 21869 | IceCv    | Reached XP level 14. HP: 60/84 MP: 17/29
 22142 | IceCv    | Found an ancient bone altar of Kikubaaqudgha.
 22155 | IceCv    | Identified the ring "Kofy" {rElec rC+ Int+2}
 22212 | IceCv    | Reached skill level 5 in Invocations
 22453 | IceCv    | Got the Reference Book on Graupel and Profane Secrets
 22815 | Lair:2   | Found a hole to the Spider Nest.
 23521 | Lair:3   | Learned a level 3 spell: Ozocubu's Armour
 23680 | Lair:3   | Found the +4 robe of Folly {Brilliance Will-∞ Int+8}
 23896 | Lair:3   | Reached skill level 1 in Ice Magic
 24192 | Lair:3   | Identified the amulet "Ehuziutt" {Spirit rElec Dex+3
                  | Stlth-}
 24811 | Lair:4   | Received a gift from Sif Muna
 24815 | Lair:4   | Got Sif Muna's Cyclopedia of Clouds {god gift}
 25220 | Lair:4   | Identified the +1 ring mail of Dotam {Dex+3}
 25420 | Lair:4   | Noticed Rupert
 25909 | D:8      | Bought the +5 robe of Misfortune {Harm *Corrode *Slow EV+5}
                  | for 552 gold pieces
 25909 | D:8      | Found the +5 robe of Misfortune {Harm *Corrode *Slow EV+5}
 26295 | Lair:4   | Found a viscous altar of Jiyva.
 26300 | Lair:4   | Found a staircase to the Slime Pits.
 26914 | Lair:4   | Killed Rupert
 26915 | Lair:4   | Reached skill level 10 in Dodging
 26915 | Lair:4   | Reached skill level 15 in Air Magic
 27018 | Lair:5   | Entered Level 5 of the Lair of Beasts
 27398 | Lair:5   | Reached XP level 15. HP: 90/90 MP: 25/30
 28189 | Lair:5   | Learned a level 6 spell: Conjure Ball Lightning
 28532 | Lair:5   | Reached skill level 5 in Shields
 28849 | Lair:5   | Received a gift from Sif Muna
 28850 | Lair:5   | Got Igeust's Disquisition on Confrontation {god gift}
 29118 | Orc:1    | Entered Level 1 of the Orcish Mines
 29637 | Orc:1    | Noticed an orc warlord
 29642 | Orc:1    | Killed an orc warlord
 29643 | Orc:1    | Reached skill level 1 in Fire Magic
 30135 | Orc:1    | Reached skill level 15 in Conjurations
 30174 | Orc:1    | Found Xeabo's Antique Weapon Shop.
 30264 | Orc:1    | Received a gift from Sif Muna
 30265 | Orc:1    | Got Sif Muna's Compendium of Non-Euclidean Permutations
                  | {god gift}
 30529 | Orc:2    | Entered Level 2 of the Orcish Mines
 30914 | Orc:2    | Found Yckusaoc's Distillery.
 31251 | Orc:2    | Found a staircase to the Elven Halls.
 31457 | Orc:2    | Found Ocofaa's Weapon Boutique.
 31545 | Orc:2    | Reached XP level 16. HP: 62/97 MP: 12/32
 31782 | Orc:2    | Found Tolifila's Magic Scroll Shop.
 31785 | Orc:2    | Found Qianur's Book Emporium.
 31797 | Orc:2    | Found Liaczy's Book Shop.
 31805 | Orc:2    | Bought a book of Spatial Translocations for 286 gold pieces
 31808 | Orc:2    | Learned a level 2 spell: Blink
 31960 | Orc:1    | Bought an ancient sling for 221 gold pieces
 31960 | Orc:1    | Identified the +5 sling "Killer Bee's Regret" {freeze, rN+}
                  | (You bought it in a shop on level 1 of the Orcish Mines)
 31979 | Orc:2    | Bought 2 potions of cancellation for 272 gold pieces
 31979 | Orc:2    | Bought a potion of might for 68 gold pieces
 32019 | Orc:2    | Bought a scroll of identify for 34 gold pieces
 32019 | Orc:2    | Bought a scroll of magic mapping for 127 gold pieces
 32019 | Orc:2    | Bought a scroll of magic mapping for 127 gold pieces
 32019 | Orc:2    | Bought a scroll of identify for 34 gold pieces
 32019 | Orc:2    | Bought a scroll of identify for 34 gold pieces
 32217 | D:13     | Killed Nessos
 32517 | D:13     | Killed Josephine
 32530 | D:13     | Reached skill level 10 in Fighting
 32702 | D:13     | Reached skill level 1 in Translocations
 32952 | D:13     | Found a gate to the Vaults.
 33556 | D:14     | Received a gift from Sif Muna
 33557 | D:14     | Got Qooliops's Discourse on the Snowflakes and the Oath
                  | {god gift}
 33784 | D:14     | Found a gate leading to a gauntlet.
 33793 | Gauntlet | Entered a Gauntlet
 33793 | Gauntlet | Found a transporter.
 33793 | Gauntlet | Found a transporter.
 33811 | Gauntlet | Found a transporter.
 33825 | Gauntlet | Found a transporter.
 33825 | Gauntlet | Found a transporter.
 33826 | Gauntlet | Found a transporter.
 33829 | Gauntlet | Found a transporter.
 33829 | Gauntlet | Found a transporter.
 33841 | Gauntlet | Found a transporter.
 33855 | Gauntlet | Found a runed translucent door.
 33857 | Gauntlet | Found a transporter.
 33859 | Gauntlet | Found a runed translucent door.
 33867 | Gauntlet | Found a transporter.
 33883 | Gauntlet | Found a transporter.
 33906 | Gauntlet | Found a transporter.
 33919 | Gauntlet | Found a transporter.
 33962 | Gauntlet | Learned a level 5 spell: Fireball
 33989 | Gauntlet | Identified the ring "Izypsu" {Ice rN+ Will+}
 34019 | Gauntlet | Identified the +0 cloak "Fuxawn" {rN+ Regen+ rCorr Dex-3}
 34076 | Gauntlet | Reached skill level 5 in Ice Magic
 34095 | Gauntlet | Identified the +1 cloak of Gozag's Benevolence {Contam
                  | +Blink Int+2 Stlth+}
 34230 | Gauntlet | Identified the +9 spear of Mayrafuipn {vorpal, rN+ rCorr}
 34317 | D:14     | Found Qirur's Assorted Antiques.
 34323 | D:14     | Bought a scroll of identify for 70 gold pieces
 34323 | D:14     | Bought a polished whip for 262 gold pieces
 34323 | D:14     | Identified the +3 whip "Ekuluefygi" {flame, Str+3 Int+4}
                  | (You bought it in a shop on level 14 of the Dungeon)
 34790 | D:14     | Reached XP level 17. HP: 103/103 MP: 33/33
 34864 | D:15     | Entered Level 15 of the Dungeon
 34921 | D:15     | Noticed Kirke
 34923 | D:15     | Killed Kirke
 35251 | D:15     | Found Daebla's Distillery.
 35480 | D:15     | Received a gift from Sif Muna
 35717 | D:15     | Reached skill level 5 in Fire Magic
 35874 | D:15     | Noticed a quicksilver dragon
 35878 | D:15     | a quicksilver dragon changed into a fenstrider witch
 35980 | D:15     | Found a staircase to the Depths.
 36344 | Shoals:1 | Entered Level 1 of the Shoals
 36527 | Shoals:1 | Reached XP level 18. HP: 108/108 MP: 29/34
 37037 | Shoals:1 | Received a gift from Sif Muna
 37038 | Shoals:1 | Got Sif Muna's Precepts of Feathers {god gift}
 37436 | Shoals:1 | Identified a scroll of acquirement
 37437 | Shoals:1 | Acquired 1294 gold pieces
 37619 | Shoals:2 | Found Ettets's Armour Shoppe.
 37687 | Shoals:2 | Found Serec's General Store.
 37964 | Shoals:2 | Noticed Polyphemus
 37974 | Shoals:2 | Killed Polyphemus
 38904 | Shoals:3 | Found a gateway to a bazaar.
 38925 | Bazaar   | Entered a bazaar
 38926 | Bazaar   | Found Itziah's Antique Weapon Emporium.
 38937 | Bazaar   | Found Elloche's Book Boutique.
 38948 | Bazaar   | Found Byugog's General Store.
 38956 | Bazaar   | Bought a scroll of teleportation for 27 gold pieces
 38956 | Bazaar   | Found Rosaby's Magic Scroll Shoppe.
 38967 | Bazaar   | Found Odack's Antique Armour Boutique.
 38975 | Bazaar   | Bought the +18 shield of the Gong {rElec rN+ Will+ EV-5}
                  | for 1556 gold pieces
 38975 | Bazaar   | Found the +18 shield of the Gong {rElec rN+ Will+ EV-5}
 38985 | Bazaar   | Bought a pair of glowing gloves for 120 gold pieces
 39007 | Bazaar   | Bought a scroll of blinking for 67 gold pieces
 39007 | Bazaar   | Bought a scroll of fear for 36 gold pieces
 39505 | Shoals:4 | Entered Level 4 of the Shoals
 39511 | Shoals:4 | Found a white marble altar of Elyvilon.
 39520 | Shoals:4 | Received a gift from Sif Muna
 39521 | Shoals:4 | Got Sif Muna's Codex of the Snowflakes and Blasts {god
                  | gift}
 40945 | Shoals:4 | Reached XP level 19. HP: 115/115 MP: 27/36
 40978 | Shoals:4 | Received a gift from Sif Muna
 40979 | Shoals:4 | Got Ranwomoo's Directory of Clouds and Shapes {god gift}
 41118 | Shoals:4 | Learned a level 8 spell: Maxwell's Capacitive Coupling
 41552 | Shoals:4 | Got a barnacled rune of Zot
 42337 | Spider:1 | Entered Level 1 of the Spider Nest
 43045 | Spider:1 | Received a gift from Sif Muna
 43046 | Spider:1 | Got Sif Muna's Secrets of Singed Jinxing {god gift}
 43603 | Spider:1 | You are sucked into a shaft and drop 1 floor!
 44303 | Spider:1 | Noticed Mlioglotl
 44314 | Spider:1 | Killed Mlioglotl
 44329 | Spider:1 | Identified the +8 arbalest of Descent {freeze, rElec rPois
                  | Str+4}
 44432 | Spider:1 | Identified the amulet of Latzoy {Acrobat Will+ Dex+3
                  | Stlth+}
 45687 | Spider:2 | Identified the +4 morningstar of Tender Mercy {vorpal,
                  | +Blink rN+ SInv}
 47504 | Spider:2 | Reached XP level 20. HP: 65/122 MP: 33/37
 47504 | Spider:2 | Received a gift from Sif Muna
 47505 | Spider:2 | Got Sif Muna's Catalogue of the Spellbinding Crypt {god
                  | gift}
 48758 | Spider:3 | Identified the +3 dagger of the Augurer {vorpal, *Rage
                  | rElec rF+}
 49010 | Spider:4 | Entered Level 4 of the Spider Nest
 50456 | Spider:4 | Reached skill level 10 in Invocations
 50542 | Spider:4 | Noticed Donald
 50548 | Spider:4 | Killed Donald
 50559 | Spider:4 | Received a gift from Sif Muna
 50731 | Spider:4 | Reached ****** piety under Sif Muna
 50766 | Spider:4 | Got a gossamer rune of Zot
 50958 | Spider:4 | Noticed Roxanne
 50962 | Spider:4 | Killed Roxanne
 51261 | Vaults:1 | Entered Level 1 of the Vaults
 51813 | Vaults:2 | Reached skill level 10 in Shields
 52139 | Vaults:2 | Received a gift from Sif Muna
 52408 | Vaults:2 | Reached XP level 21. HP: 128/128 MP: 19/39
 52972 | Vaults:2 | Received a gift from Sif Muna
 54167 | Vaults:3 | Paralysed by a vampire knight for 5 turns
 54655 | Vaults:3 | Received a gift from Sif Muna
 54778 | Vaults:3 | Found a staircase to the Crypt.
 54886 | Vaults:3 | Reached skill level 10 in Fire Magic
 56310 | Vaults:4 | Found a runed translucent door.
 56393 | Vaults:4 | Noticed theMacoje's ghost (adept OgEn)
 56451 | Vaults:4 | Killed from afar by a war gargoyle

Illustrated notes

Levels and vault maps discovered:
D:1:      onia_arrival_mini_maze, layout_rooms,
          shapermc_ecumenical_altar_mp_ritualfount
D:2:      layout_basic
D:3:      layout_basic, mainiacjoe_overflow_small_starburst, zin_treasury,
          nicolae_elyvilon_peaceful_grove
D:4:      layout_basic, mainiacjoe_overflow_tiny_flanked,
          minmay_splitting_lines, serial_bayou_lagoon_a, uniq_pargi
D:5:      layout_cave_pools, vehumet_altar_wand_db, minmay_temple_entry_glass,
          uniq_duvessa
D:6:      layout_basic, nicolae_ossuary_entry_false_entrances, st_stairs_6,
          kennysheep_opposing_triangles
D:7:      layout_gridville, old_standard_altar, general_overflow_altar,
          mrwooster_statue_mirror
D:8:      layout_rooms, gammafunk_ghost_gnarly_gnolls, serial_shops,
          nicolae_shop_advertising_works [nicolae_subvault_shop_adworks],
          hangedman_abyss_or_decor_clamps, minivault_1,
          minmay_misc_feat_ornament, uniq_prince_ribbit1
D:9:      layout_loops_cross, nicolae_wu_jian_immortal_techniques,
          kiku_gazebo_pond_becter, serial_undead, serial_undead_d,
          serial_undead_e, serial_undead_c, serial_undead_e
D:10:     layout_roguey, david_orc_3, minmay_fractal_squares_diagonal_5
D:11:     layout_long_grid, minmay_lair_entry_grove,
          gammafunk_ghost_wrathful_warriors
D:12:     layout_basic
D:13:     layout_big_octagon, erik_vaults_2, uniq_josephine, uniq_nessos
D:14:     layout_basic, gauntlet_entry_generic, serial_shops,
          nicolae_shop_trees, minivault_24
D:15:     gammafunk_enter_depths_forms, layout_irregular_city, serial_shops,
          nicolae_shop_trees, minivault_25, uniq_kirke
Temple:   nicolae_temple_figure_eight
Lair:1:   layout_concentric_octagons, grunt_megastairs_5, serial_bayou_shore_a,
          uniq_gastronok
Lair:2:   layout_misc_corridors, shoals_dummy_entry,
          hellmonk_spider_entry_life_and_decay, portal_ice_cave_entry_pillars_1,
          minmay_lindwurm_lava
Lair:3:   layout_chaotic_city, st_stairs_13, dreamdust_deal_with_the_devil
Lair:4:   layout_layer_cave, slime_entry_1, uniq_rupert
Lair:5:   gammafunk_lair_ancient_temple, layout_regular_city
Shoals:1: layout_shoals, kb_tengu_band
Shoals:2: layout_shoals, serial_shops, shop_fountains, nicolae_take_the_stairs,
          uniq_polyphemus
Shoals:3: layout_shoals, serial_shops, bzr_entry_water,
          nicolae_shoals_nymph_descending_staircase
Shoals:4: shoals_end_hellmonk_storm_palace [storm_palace_center_ruins,
          storm_palace_corner_altar, storm_palace_corner_grid,
          storm_palace_corner_reverse_hut, storm_palace_corner_reverse_hut]
Spider:1: nicolae_spider_hilbert_zone_4 [nicolae_spider_hilbert_4_sides_2_open,
          nicolae_spider_hilbert_4_sides_1_open,
          nicolae_spider_hilbert_4_sides_1_open,
          nicolae_spider_hilbert_4_sides_1_open,
          nicolae_spider_hilbert_4_sides_1_open,
          nicolae_spider_hilbert_2_sides_1_open,
          nicolae_spider_hilbert_2_sides_1_open,
          nicolae_spider_hilbert_2_sides_1_open,
          nicolae_spider_hilbert_2_sides_1_open,
          nicolae_spider_hilbert_6_sides_1_open,
          nicolae_spider_hilbert_6_sides_1_open,
          nicolae_spider_hilbert_3_sides_1_open,
          nicolae_spider_hilbert_3_sides_1_open], uniq_mlioglotl
Spider:2: layout_chambers, hangedman_spider_mandibles
Spider:3: layout_spider_delve
Spider:4: grunt_spider_rune_parallel, uniq_roxanne, uniq_donald
Orc:1:    layout_caves, serial_shops, nicolae_square_shop
Orc:2:    st_orc_open, layout_diamond_mine, serial_shops, nicolae_shop_crystal
Vaults:1: ontoclasm_vaults_ring_small, nicolae_vaults_sealed_display,
          vaults_room_hallway, nicolae_vaults_little_squares_1,
          nicolae_vaults_shelves_hall, vaults_room_fours,
          nicolae_vaults_mini_display_case, hangedman_vaults_maws,
          vaults_mumra_minichess_inversion, grunt_vaults_twisty,
          vaults_room_door_ring, layout_vaults_omnigrid, serial_shops,
          nicolae_square_shop
Vaults:2: infiniplex_enter_wizlab_glasses, hangedman_vaults_nails,
          special_room_vaults [special_room_orc],
          nicolae_vaults_windows_and_doors_thing,
          ontoclasm_vaults_loading_screen, nicolae_vaults_alarming,
          nicolae_vaults_ring_of_whatevers, hangedman_vaults_river_flow,
          hangedman_vaults_slither, v_misc_18, nicolae_vaults_ring_of_whatevers,
          layout_vaults_maze
Vaults:3: vaults_room_stairs_pillars, minmay_crypt_entry_simple_round,
          hangedman_vaults_nails, vaults_dpeg_hooks, layout_vaults_big_room
Vaults:4: gammafunk_ghost_grave, nicolae_vaults_gold_heap, v_misc_19,
          grunt_vaults_diagonal, ontoclasm_vaults_idyll,
          nicolae_vaults_shelves_hall, vaults_mumra_hex, ontoclasm_vaults_idyll,
          vaults_dpeg_ring, ontoclasm_vaults_misaligned, hangedman_vaults_nails,
          hangedman_vaults_stretched_pinwheel, v_misc_14,
          ontoclasm_vaults_fault, grunt_vaults_funnel,
          nicolae_vaults_little_squares_1, v_misc_4,
          nicolae_vaults_little_squares_3, grunt_vaults_focal,
          layout_vaults_omnibox

Skill      XL: |  1  2  3  4  5  6  7  8  9 10 11 12 13 14 15 16 17 18 19 20 21 |
---------------+----------------------------------------------------------------+-----
Conjurations   | 2 3 4 5 6 8 9 10 11 12 13 14 15 16 17 18 19 | 19.4
Air Magic      | 5 6 7 9 10 11 12 13 14 15 16 17 18 19 | 19.8
Spellcasting   | 3 4 6 7 8 9 10 11 12 13 | 13.7
Fighting       | 2 4 5 7 8 9 10 11 12 13 | 13.2
Dodging        | 3 5 6 8 9 10 11 12 13 14 | 14.4
Poison Magic   | 1 3 |  3.0
Transmutations | 1 3 4 6 7 |  7.2
Shields        | 3 4 5 6 7 8 9 10 | 10.7
Invocations    | 3 4 6 7 8 9 10 | 10.8
Ice Magic      | 2 4 5 6 7 8 9 |  9.3
Fire Magic     | 2 4 5 6 8 9 10 | 10.2
Translocations | 2 |  2.4
Stealth        | |  2.0

Action                   |  1- 3 |  4- 6 |  7- 9 | 10-12 | 13-15 | 16-18 | 19-21 || total
-------------------------+-------+-------+-------+-------+-------+-------+-------++-------
Melee: Unarmed           |     4 |       |       |       |       |       |       ||     4
       Kick              |     5 |     2 |     9 |    24 |    15 |     6 |    10 ||    71
       Punch             |     1 |       |       |       |       |       |       ||     1
       Dagger            |    11 |    11 |       |       |       |       |       ||    22
       Peck              |       |     2 |     6 |    15 |     8 |     7 |     8 ||    46
       Spear             |       |       |    28 |       |       |       |       ||    28
       Staff             |       |       |     2 |    25 |       |       |       ||    27
       Scimitar          |       |       |       |    34 |    48 |    20 |    36 ||   138
 Cast: Shock             |    64 |   138 |   181 |   119 |   115 |     2 |     3 ||   622
       Static Discharge  |     1 |     8 |    37 |    94 |   124 |    68 |   126 ||   458
       Airstrike         |       |       |    21 |   109 |   339 |   241 |   220 ||   930
       Swiftness         |       |       |     1 |     2 |     2 |     6 |     6 ||    17
       Mephitic Cloud    |       |       |       |    36 |    47 |     9 |     2 ||    94
       Ignite Poison     |       |       |       |    10 |    23 |     7 |       ||    40
       Irradiate         |       |       |       |     4 |     8 |    16 |    65 ||    93
       Iskenderun's Batt |       |       |       |       |    14 |       |       ||    14
       Conjure Ball Ligh |       |       |       |       |    13 |    30 |    15 ||    58
       Ozocubu's Armour  |       |       |       |       |     2 |    18 |    13 ||    33
       Fireball          |       |       |       |       |       |   116 |   366 ||   482
       Blink             |       |       |       |       |       |     4 |     9 ||    13
       Maxwell's Capacit |       |       |       |       |       |       |     3 ||     3
Invok: Channel Magic     |       |       |       |     1 |       |       |     1 ||     2
Evoke: Wand              |       |       |       |     1 |     3 |       |     7 ||    11
  Use: Scroll            |       |       |     6 |    12 |     5 |    18 |     4 ||    45
       Potion            |       |       |     1 |       |       |     3 |     4 ||     8
 Stab: Distracted        |       |       |     1 |       |       |       |       ||     1
       Confused          |       |       |       |     3 |     2 |     3 |       ||     8
       Sleeping          |       |       |       |     1 |     1 |       |       ||     2
Armor: Robe              |     6 |     1 |    10 |    24 |    17 |    21 |    72 ||   151
Dodge: Dodged            |    18 |    16 |    62 |   152 |   143 |   114 |   188 ||   693
       Repelled          |       |       |       |       |     2 |     9 |     2 ||    13
Block: Buckler           |       |       |       |    24 |    23 |       |       ||    47
       Kite shield       |       |       |       |       |    28 |   149 |   501 ||   678
